 Dungeon Crawl Stone Soup version 0.30.0-17-ge0270778cf (webtiles) character file.

Game seed: 13036321106915041712

250 browni3141 the Caller (level 5, -1/37 HPs)
             Began as a Mummy Summoner on May 21, 2023.
             Slain by Pikel
             ... wielding a +2 whip of freezing
              (6 damage)
             ... on level 4 of the Dungeon.
             The game lasted 00:04:50 (3688 turns).

browni3141 the Caller (Mummy Summoner)              Turns: 3688, Time: 00:04:51

Health: -1/37      AC:  5    Str: 12    XL:     5   Next: 88%
Magic:  0/12       EV: 11    Int: 16    God:
Gold:   142        SH:  0    Dex: 12    Spells: 4/13 levels left

rFire   x . .        f - +1 dagger (elec)
rCold   + . .        (no shield)
rNeg    + + +        d - +0 leather armour
rPois   ∞            N - +0 helmet
rElec   .            L - +0 cloak
rCorr   .            (no gloves)
SInv    .            (no boots)
Will    .....        (no amulet)
Stlth   +            (no ring)
HPRegen 0.26/turn    (no ring)
MPRegen 0.13/turn

%: faith
@: no status effects
A: cold resistance 1, negative energy resistance 3, torment resistance 2, heat
vulnerability 1, in touch with death 1, no potions, faith
a: no special abilities


You were on level 4 of the Dungeon.
You visited 1 branch of the dungeon, and saw 4 of its levels.

You collected 167 gold pieces.
You spent 25 gold pieces at shops.

Inventory:

Hand Weapons
 c - a +0 short sword of protection
 f - a +1 dagger of electrocution (weapon)
Missiles
 J - 4 poisoned darts
 P - 4 datura-tipped darts
Armour
 a - a +0 robe
 d - a +0 leather armour (worn)
 L - a +0 cloak (worn)
 N - a +0 helmet (worn)
 X - a scarf of harm
Wands
 V - a wand of flame (19)
Scrolls
 b - a scroll of enchant weapon {unknown}
 e - 4 scrolls of identify {unknown}
 g - a scroll of magic mapping {unknown}
 h - a scroll of amnesia {unknown}
 i - a scroll of poison {unknown}
 j - a scroll of torment {unknown}
 K - 3 scrolls of noise {unknown}
 M - a scroll of teleportation {unknown}
 O - a scroll of fog {unknown}
 W - a scroll of blinking {unknown}


   Skills:
 - Level 1.0 Fighting
 - Level 1.5 Dodging
 - Level 1.5 Stealth
 + Level 4.7 Spellcasting
 * Level 5.1 Summonings


You had 4 spell levels left.
You knew the following spells:

 Your Spells              Type           Power      Damage    Failure   Level
a - Call Canine Familiar  Summ           20%        N/A       7%          3
g - Summon Guardian Gole  Hex/Summ       12%        N/A       21%         3
x - Call Imp              Summ           40%        N/A       3%          2
z - Summon Small Mammal   Summ           80%        N/A       2%          1

Your spell library contained the following spells:

 Spells                   Type           Power      Damage    Failure   Level
 Sting                    Tmut/Pois      12%        1d3       21%         1
 Ensorcelled Hibernation  Hex/Ice        6%         N/A       30%         2
 Lesser Beckoning         Tloc           6%         N/A       30%         2
 Poisonous Vapours        Pois/Air       6%         N/A       30%         2
 Gell's Gravitas          Tloc           3%         N/A       52%         3
 Mephitic Cloud           Conj/Pois/Air  3%         N/A       52%         3
 Teleport Other           Tloc           3%         N/A       52%         3
 Summon Lightning Spire   Summ/Air       12%        N/A       56%         4
 Anguish                  Hex/Necr       2%         N/A       89%         4
 Olgreb's Toxic Radiance  Pois           3%         N/A       89%         4
 Freezing Cloud           Conj/Ice/Air   1%         6-21      99%         5
 Spider Form              Tmut/Pois      Unusable   N/A       N/A         3

Dungeon Overview and Level Annotations

Branches:
Dungeon (4/15)
 Temple: D:4-7

Altars:
Qazlal

Shops:
D:2 :=*

Annotations:
D:4 Pikel


Innate Abilities, Weirdness & Mutations

You are immune to poison.
Your flesh is cold resistant. (rC+)
You are immune to negative energy. (rN+++)
You are immune to unholy pain and torment.
You are vulnerable to heat. (rF-)
You are in touch with the powers of death.
You do not drink.
You have a special connection with the divine. (Faith)


Message History

The quokka completely misses your cerulean imp.
The adder bites your guardian golem but does no damage.
Your cerulean imp hits Pikel with a -2 spear.
Pikel hits your cerulean imp with a +2 whip of freezing!
Pikel freezes your cerulean imp.
Your cerulean imp dies!
Your cerulean imp disappears in a puff of smoke!
The adder bites your guardian golem but does no damage.
Your guardian golem overheats!
The adder bites your guardian golem but does no damage.
The adder completely misses your guardian golem.
The quokka bites you.
The adder bites your guardian golem but does no damage.
You closely miss the quokka.
The quokka is moderately wounded.
The quokka bites you. The adder bites your guardian golem.
Flame seeps out of your guardian golem.
Your guardian golem is engulfed in blazing flames.
Flame seeps out of your guardian golem.
Casting: Summon Guardian Golem (quite dangerous; 21% risk of failure)
Confirm with . or Enter, or press ? or * to list all spells.
Pikel hits you with a +2 whip of freezing.
Pikel freezes you.
The adder bites your guardian golem but does no damage.
The quokka barely misses you.
Your guardian golem is engulfed in blazing flames.
Flame seeps out of your guardian golem. Pikel attacks as you move away!
Pikel barely misses you. The adder bites your guardian golem.
Flame seeps out of your guardian golem.
Your guardian golem is engulfed in blazing flames.
Flame seeps out of your guardian golem. The quokka attacks as you move away!
The quokka closely misses you.
Your hound bites the quokka.
The quokka dies!
The adder bites your guardian golem but does no damage.
The adder bites your guardian golem but does no damage.
Your hound barely misses the lemure.
The adder bites your guardian golem. Flame seeps out of your guardian golem.
Your guardian golem is engulfed in blazing flames.
Your guardian golem disappears in a puff of smoke!
Your guardian golem explodes!
The fiery explosion engulfs the adder!!
The adder dies!
Your hound completely misses the lemure.
You hear a shout!
You hit Pikel. Lightning courses through Pikel!
Pikel is severely wounded.
Pikel hits you with a +2 whip of freezing.
Pikel freezes you.
Your hound bites the lemure.
You closely miss Pikel.
Pikel is severely wounded.
Your hound barely misses the lemure.
Pikel closely misses you.
Your hound misses the lemure. You closely miss Pikel.
Pikel is severely wounded.
Pikel hits you with a +2 whip of freezing.
Pikel freezes you.
* * * LOW HITPOINT WARNING * * *
Your hound misses the lemure.
An ufetubus comes into view.
You hit Pikel.
Pikel is severely wounded.
Your hound bites the lemure but does no damage.
Pikel barely misses you.
Your hound bites the lemure.
You hit Pikel but do no damage.
Pikel is severely wounded.
Pikel closely misses you.
Your hound misses the lemure. You hit Pikel but do no damage.
Pikel is severely wounded.
Your hound bites the lemure.
Pikel closely misses you. The lemure barely misses your hound.
The ufetubus closely misses you.
The ufetubus hits you but does no damage.
Your hound bites the lemure.
You hit Pikel but do no damage.
Pikel is severely wounded.
The ufetubus barely misses you. The ufetubus closely misses you.
Pikel hits you with a +2 whip of freezing!
* * * LOW HITPOINT WARNING * * *
Pikel freezes you.
* * * LOW HITPOINT WARNING * * *
The lemure hits your hound but does no damage.
Your hound closely misses the lemure.
The ufetubus hits you.
* * * LOW HITPOINT WARNING * * *
The ufetubus completely misses you.
You hit Pikel but do no damage.
Pikel is severely wounded.
Your hound barely misses the lemure.
Pikel closely misses you. The lemure barely misses your hound.
The ufetubus closely misses you.
The ufetubus hits you but does no damage.
Your hound bites the lemure.
The ufetubus barely misses you. The ufetubus hits you.
* * * LOW HITPOINT WARNING * * *
The lemure hits your hound!
Your hound closely misses the lemure.
The ufetubus hits you.
* * * LOW HITPOINT WARNING * * *
The ufetubus barely misses you.
Casting: Call Canine Familiar (dangerous; 7% risk of failure)
Confirm with . or Enter, or press ? or * to list all spells.
Pikel hits you with a +2 whip of freezing.
You die...

....... #.. .......
#.# ....... ##.#####
.......###......
.........#....# #
#+##....?#.!..#####.#
...#.....#☼.h5..5...#
....(!..☼.○(..##K##.#
..##.####§§..###@#
..##............h.#
..########..####..#
#.# #.#..## #..# #.#
###.....# #..#
#.####.#.#.#..##..#
.........#.##..#..#
.)................#
#......#.#.###....#


You could see Pikel (ally target), an ufetubus and a friendly hound (summoned).

Vanquished Creatures
  A lemure (D:4)
  Terence (D:3)
  An orc wizard (D:4)
  4 adders
  A gnoll (D:3)
  A worm (D:3)
  A dart slug (D:1)
  3 orcs
  7 endoplasms
  4 giant cockroaches
  5 goblins
  2 hobgoblins (D:2)
  2 jackals (D:1)
  6 ball pythons
  4 bats
  2 frilled lizards
  6 kobolds
  3 rats
54 creatures vanquished.

Vanquished Creatures (collateral kills)
  An orc priest (D:4)
  3 gnolls (D:3)
  A dart slug (D:3)
  An orc (D:4)
  3 ball pythons (D:1)
  3 endoplasms
  3 hobgoblins
  A kobold (D:1)
  2 quokkas
  A bat (D:1)
  2 frilled lizards
  2 goblins
  A rat (D:1)
24 creatures vanquished.

Vanquished Creatures (others)
  An adder (D:4)
1 creature vanquished.

Grand Total: 79 creatures vanquished

Notes
Turn   | Place    | Note
-------+----------+-------------------------------------------
     0 | D:1      | browni3141 the Mummy Summoner began the quest for the Orb.
     0 | D:1      | Reached XP level 1. HP: 13/13 MP: 4/4
   247 | D:1      | Reached XP level 2. HP: 8/21 MP: 2/5
   405 | D:1      | Learned a level 2 spell: Call Imp
   454 | D:1      | Reached skill level 3 in Spellcasting
   482 | D:1      | Found a faded altar of an unknown god.
   684 | D:1      | Gained mutation: You are in touch with the powers of death.
                  | [Mummy growth]
   684 | D:1      | Reached XP level 3. HP: 26/26 MP: 4/7
   994 | D:2      | Found Ycrukhlur's Jewellery Shoppe.
  1060 | D:2      | Found Xicwull's Book Shop.
  1174 | D:2      | Reached skill level 4 in Summonings
  1269 | D:2      | Found Mutefoy's Assorted Antiques.
  1278 | D:2      | Bought a scroll labelled LIMAOCW MA VON for 25 gold pieces
  1810 | D:3      | Reached XP level 4. HP: 32/32 MP: 6/9
  1818 | D:3      | Identified the +0 robe of the Dropbear {-Cast rF+ Will+
                  | Str+4}
  2113 | D:3      | Learned a level 3 spell: Call Canine Familiar
  2117 | D:3      | Learned a level 3 spell: Summon Guardian Golem
  2268 | D:3      | Reached XP level 5. HP: 21/37 MP: 5/11
  2337 | D:3      | Found a stormy altar of Qazlal.
  2634 | D:3      | Noticed Terence
  2647 | D:3      | Killed Terence
  3503 | D:4      | Noticed a lemure
  3504 | D:4      | Noticed a lemure
  3505 | D:4      | Reached skill level 5 in Summonings
  3548 | D:4      | Killed a lemure
  3653 | D:4      | Noticed Pikel
  3688 | D:4      | Slain by Pikel

Illustrated notes

Levels and vault maps discovered:
D:1:      kennysheep_arrival_seaside, layout_basic,
          shapermc_ecumenical_altar_acropolis
D:2:      layout_basic, serial_shops, shop, shop, nicolae_book_shop_shelving,
          minmay_statues_item, st_stairs_14
D:3:      layout_basic, nicolae_qazlal_scattered_showers, uniq_terence
D:4:      layout_basic, uniq_pikel

Skill      XL: |  1  2  3  4  5 |
---------------+----------------+-----
Fighting       | 1 |  1.0
Spellcasting   | 3 4 |  4.7
Summonings     | 4 5 |  5.1
Dodging        | |  1.5
Stealth        | |  1.5

Action                     |  1- 3 |  4- 6 || total
---------------------------+-------+-------++-------
  Melee: Short sword       |    35 |       ||    35
         Unarmed           |     3 |       ||     3
         Dagger            |    53 |   101 ||   154
   Cast: Summon Small Mamm |    13 |       ||    13
         Call Imp          |    14 |    16 ||    30
         Call Canine Famil |       |     9 ||     9
         Summon Guardian G |       |     1 ||     1
   Stab: Sleeping          |     1 |     1 ||     2
 Armour: Leather armour    |    31 |    42 ||    73
  Dodge: Dodged            |    59 |    60 ||   119
